 Dungeon Crawl Stone Soup version 0.30-a0-394-g3e4acdb0ae (webtiles) character file.

Game seed: 10242428423621891179

130 bande the Covered (level 5, 0/33 HPs)
             Began as a Gargoyle Fighter on Dec 7, 2022.
             Slain by a shadow imp (2 damage)
             ... summoned by Eustachio
             ... on level 4 of the Dungeon.
             The game lasted 00:03:20 (2681 turns).

bande the Covered (Gargoyle Fighter)                Turns: 2681, Time: 00:03:21

Health: 0/33       AC: 11    Str: 18 (20) XL:     5   Next: 14%
Magic:  5/5        EV:  9    Int:  7 (8)  God:
Gold:   123        SH:  4    Dex:  9 (11) Spells: 4/4 levels left

rFire   . . .      SeeInvis .    a - +0 war axe
rCold   . . .      Faith    .    c - +0 buckler
rNeg    + . .      Spirit   .    b - +0 scale mail
rPois   ∞          Reflect  .    (no helmet)
rElec   +          Harm     .    (no cloak)
rCorr   .          Rampage  .    (no gloves)
Will    .....                    (no boots)
Stlth   ..........               (no amulet)
HPRegen 0.25/turn                (no ring)
MPRegen 0.09/turn                (no ring)

@: mighty
A: sickness immunity, AC +4, negative energy resistance 1, electricity
resistance, torment resistance 1, petrification resistance
a: no special abilities


You were on level 4 of the Dungeon.
You visited 1 branch of the dungeon, and saw 4 of its levels.

You collected 123 gold pieces.

Inventory:

Hand Weapons
 a - a +0 war axe (weapon)
 n - a +0 flail
Armour
 b - a +0 scale mail (worn)
 c - a +0 buckler (worn)
Scrolls
 f - 2 scrolls of vulnerability {unknown}
 g - 4 scrolls of identify {unknown}
 h - a scroll of fear {unknown}
 i - a scroll of butterflies {unknown}
 j - a scroll of teleportation {unknown}
 m - a scroll of amnesia {unknown}
 p - a scroll of magic mapping {unknown}
Potions
 d - a potion of might
 e - 2 potions of degeneration
 k - 2 potions of curing
 l - a potion of flight {unknown}
 o - a potion of brilliance {unknown}
 q - a potion of haste {unknown}


   Skills:
 + Level 3.9 Fighting
 + Level 3.4 Axes
 + Level 4.1 Armour
 + Level 3.8 Shields


You had 4 spell levels left.
You didn't know any spells.
Your spell library contained the following spells:

 Spells                   Type           Power      Damage    Failure   Level
 Call Canine Familiar     Summ           0%         N/A       99%         3
 Portal Projectile        Hex/Tloc       0%         N/A       99%         3
 Leda's Liquefaction      Hex/Erth       0%         N/A       100%        4


Dungeon Overview and Level Annotations

Branches:
Dungeon (4/15)
 Temple: D:4-7

Altars:
Fedhas

Annotations:
D:4 Eustachio


Innate Abilities, Weirdness & Mutations

You are immune to sickness and miasma.
Your stone body is resilient. (AC +4)
You are immune to poison.
You resist negative energy. (rN+)
You are resistant to electric shocks. (rElec)
You are resistant to unholy torment.
You are immune to petrification.


Message History

You block the shadow imp's attack. The ufetubus closely misses you.
The ufetubus hits you. You block the river rat's attack.
The shadow imp hits you but does no damage.
You miss Eustachio.
Eustachio is moderately wounded.
You barely miss the river rat. You hit the shadow imp.
You closely miss the ufetubus.
The ufetubus hits you but does no damage.
You block the ufetubus's attack.
The ufetubus hits you but does no damage. x2
The river rat closely misses you.
The shadow imp hits you but does no damage.
Eustachio hits you with a +1 falchion of protection.
You closely miss Eustachio.
Eustachio is moderately wounded.
You hit the river rat.
You kill the river rat!
The river rat's corpse disappears in a puff of smoke!
You hit the shadow imp. You hit the ufetubus.
You kill the ufetubus!
The ufetubus disappears in a puff of smoke!
The shadow imp barely misses you. Eustachio hits you but does no damage.
The river rat bites you.
* * * LOW HITPOINT WARNING * * *
You hit Eustachio.
Eustachio is heavily wounded.
You slash the river rat!
You kill the river rat!
The river rat's corpse disappears in a puff of smoke!
You slash the shadow imp! The bat hits you but does no damage.
The shadow imp hits you but does no damage.
Eustachio hits you but does no damage. The shadow imp hits you.
* * * LOW HITPOINT WARNING * * *
Eustachio hits you with a +1 falchion of protection!
* * * LOW HITPOINT WARNING * * *
You slash Eustachio!
Eustachio is almost dead.
You closely miss the shadow imp. The bat barely misses you.
The shadow imp hits you.
You die...

#.# #.# ## ##.## ..
##.#.## #. ###.###.##
#. #..## ##.. #.
#.#.###.#. ######.#####
#.##<#.##.
......b@@5.#####.##..##
.
.#####...........##.##
# #####.########.# #.#
#.# #.# #.# #.# #.# #.#
#.# #.# #.# #.#


You could see Eustachio, a shadow imp (summoned) and a bat (summoned).

Vanquished Creatures
  3 adders (D:2)
  4 gnolls (D:2)
  2 dart slugs
  2 orcs (D:3)
  4 ball pythons
  3 bats
  5 endoplasms
  4 giant cockroaches
  7 goblins
  2 hobgoblins
  4 jackals (D:1)
  5 quokkas
  3 frilled lizards
  2 kobolds (D:2)
  4 rats
54 creatures vanquished.

Notes
Turn   | Place    | Note
-------+----------+-------------------------------------------
     0 | D:1      | bande the Gargoyle Fighter began the quest for the Orb.
     0 | D:1      | Reached XP level 1. HP: 14/14 MP: 1/1
    62 | D:1      | Reached XP level 2. HP: 17/19 MP: 2/2
   660 | D:1      | Reached XP level 3. HP: 23/23 MP: 3/3
  1106 | D:2      | Reached XP level 4. HP: 11/29 MP: 4/4
  1377 | D:2      | Reached skill level 4 in Armour
  1440 | D:2      | Found a blossoming altar of Fedhas.
  1732 | D:3      | Reached XP level 5. HP: 33/33 MP: 5/5
  2232 | D:3      | Found a faded altar of an unknown god.
  2657 | D:4      | Noticed Eustachio
  2680 | D:4      | HP: 1/33 [Eustachio/+1 falchion of protection (7)]
  2681 | D:4      | Slain by a shadow imp

Illustrated notes

Levels and vault maps discovered:
D:1:      zaba_arrival_water, layout_loops_corners
D:2:      layout_loops_ring, basic_altar
D:3:      layout_basic, ebering_ecumenical_altar_abandoned
D:4:      layout_loops_ring, marbit_many_paths, minmay_close_crescents,
          uniq_eustachio, uniq_crazy_yiuf_cottage

Skill      XL: |  1  2  3  4 |
---------------+-------------+-----
Axes           | 2 3 |  3.4
Armour         | 4 |  4.1
Fighting       | |  3.9
Shields        | |  3.8

Action                   |  1- 3 |  4- 6 || total
-------------------------+-------+-------++-------
Melee: War axe           |    92 |    99 ||   191
  Use: Potion            |       |     3 ||     3
Armor: Scale mail        |    50 |    79 ||   129
Dodge: Dodged            |    57 |    74 ||   131
Block: Buckler           |    20 |    28 ||    48

Table legend: (Time is in decaauts)
 A = Elapsed time spent in this place.
 B = Non-inter-level travel time spent in this place.
 C = Inter-level travel time spent in this place.
 D = Time resting spent in this place.
 E = Time spent auto-exploring this place.
 F = Levels seen in this place.
 G = Mean time per level.
                   A        B        C        D        E       F      G
               +--------+--------+--------+--------+--------+-----+--------+
         Total |   2763 |   2763 |      0 |     81 |   2152 |   4 |  690.8 |
       Dungeon |   2763 |   2763 |      0 |     81 |   2152 |   4 |  690.8 |
               +--------+--------+--------+--------+--------+-----+--------+

Top non-repeatable levels by time:
     D:1: 942 daAuts
     D:3: 923 daAuts
     D:2: 839 daAuts
     D:4: 57 daAuts
